 Dungeon Crawl Stone Soup version 0.21-a0-509-gecc5317 (webtiles) character file.

1321 ituv the Cudgeler (level 8, 0/48 HPs)
             Began as a Deep Elf Wanderer on Nov 30, 2017.
             Was a Follower of Okawaru.
             Succumbed to an orc warrior's poison
             ... on level 7 of the Dungeon.
             The game lasted 00:11:59 (5804 turns).

ituv the Cudgeler (Deep Elf Wanderer)               Turns: 5804, Time: 00:11:59

Health: 0/48       AC: 12    Str: 14    XL:     8   Next: 33%
Magic:  14/14      EV: 14    Int: 15    God:    Okawaru [*.....]
Gold:   270        SH:  0    Dex: 14    Spells: 9/12 levels left

rFire    . . .     SeeInvis .   e - +2 whip (elec)
rCold    . . .     Gourm    .   (no shield)
rNeg     . . .     Faith    .   a - +2 leather armour
rPois    .         Spirit   .   p - +2 helmet
rElec    .         Reflect  .   n - +0 cloak
rCorr    .         Harm     .   (no gloves)
MR       .....                  k - +2 pair of boots
Stlth    ++........             (no amulet)
HPRegen  0.16/turn              t - ring of stealth
MPRegen  0.14/turn              (no ring)

@: lethally poisoned (0 -> -28)
A: no striking features
a: Heroism, Renounce Religion


You were on level 7 of the Dungeon.
You worshipped Okawaru.
Okawaru was aware of your devotion.
You were not hungry.

You visited 1 branch of the dungeon, and saw 7 of its levels.

You collected 450 gold pieces.
You spent 180 gold pieces at shops.

Inventory:

Hand Weapons
 e - a +2 whip of electrocution (weapon)
Armour
 a - a +2 leather armour (worn)
 k - a +2 pair of boots (worn)
 n - a +0 cloak (worn)
 p - a +2 helmet (worn)
Jewellery
 t - a ring of stealth (left hand)
Wands
 r - a wand of flame (20)
Scrolls
 c - 5 scrolls of teleportation
 d - a scroll of immolation
 i - 4 scrolls of remove curse
 m - a scroll of fog
Potions
 o - a potion of degeneration
 q - a potion of magic
Books
 s - a book of Maledictions

   Spells                             Type                      Level
   a - Corona                         Hexes                        1
   b - Ensorcelled Hibernation        Hexes/Ice                    2
   c - Confuse                        Hexes                        3
   d - Tukima's Dance                 Hexes                        3
   e - Dazzling Spray                 Conjuration/Hexes            3
Comestibles
 f - 4 bread rations
 g - a royal jelly
 j - 6 fruits
 u - 2 meat rations


   Skills:
 + Level 4.0 Fighting
 * Level 5.5 Maces & Flails
 + Level 3.1 Armour
 + Level 4.8 Dodging
   Level 1.5 Shields
 - Level 1.5 Unarmed Combat
 * Level 2.7 Spellcasting


You had 9 spell levels left.
You knew the following spells:

 Your Spells              Type           Power        Failure   Level  Hunger
a - Dazzling Spray        Conj/Hex       #.....       58%         3    ###....


Dungeon Overview and Level Annotations

Branches:
Dungeon (7/15)             Temple (0/1) D:6

Altars:
Elyvilon
Makhleb
Okawaru

Shops:
D:7 ?

Annotations:
D:4 Eustachio, Sigmund
D:6 1 runed door
D:7 Menkaure


Message History

Your surroundings suddenly seem different.
* * * LOW HITPOINT WARNING * * *
You feel very sick.
* * * LOW HITPOINT WARNING * * *
You feel sick.
Unknown command.
Unknown command.
Okay, then.
Casting: Dazzling Spray
Confirm with . or Enter, or press ? or * to list all spells.
You can't see any susceptible monsters within range! (Use Z to cast anyway.)
Casting: Dazzling Spray
Confirm with . or Enter, or press ? or * to list all spells.
Aiming: Dazzling Spray
Press: ? - help, Shift-Dir - straight line, f - you That would be overly suicidal.
Okay, then.
* * * LOW HITPOINT WARNING * * *
You feel very sick.
You die...

############ ########
#..........# #......#
#..........#
#......###..........#
#...................#
###...)...............#
#.....@.........†.....#
#.....................#
#......##.....#########
######.##........######
#.##.[............
#####.##..............
#.....##..............
#.######...........8..
#.....................


There were no monsters in sight!

Vanquished Creatures
  A sky beast (D:5)
  3 ice beasts
  2 ogres
  A centaur (D:5)
  A bullfrog (D:7)
  2 scorpions (D:7)
  2 howler monkeys
  4 hounds
  2 orc wizards (D:6)
  A worker ant (D:6)
  An iguana (D:6)
  9 adders
  4 gnolls (D:6)
  A shadow imp (D:5)
  2 adder zombies
  An adder skeleton (D:6)
  A worm (D:2)
  8 leopard geckos
  9 orcs (D:6)
  2 ball pythons
  5 giant cockroaches
  6 goblins
  9 hobgoblins
  2 jackals (D:7)
  11 kobolds
  A quokka (D:5)
  6 bats
  9 frilled lizards
  A quokka zombie (D:5)
  7 rats
114 creatures vanquished.

Vanquished Creatures (others)
  A plant (D:1)
1 creature vanquished.

Grand Total: 115 creatures vanquished

Notes
Turn   | Place    | Note
-------+----------+-------------------------------------------
     0 | D:1      | ituv the Deep Elf Wanderer began the quest for the Orb.
     0 | D:1      | ituv set off with: a +2 leather armour, a potion of curing, a scroll of teleportation, a +0 dagger, a bread ration
     0 | D:1      | Reached XP level 1. HP: 13/13 MP: 3/3
   174 | D:1      | Reached XP level 2. HP: 18/18 MP: 4/4
  1023 | D:1      | Reached XP level 3. HP: 23/23 MP: 5/5
  1842 | D:2      | Reached skill level 1 in Maces & Flails
  2061 | D:2      | Reached XP level 4. HP: 22/28 MP: 6/6
  2581 | D:3      | Found a white marble altar of Elyvilon.
  3103 | D:3      | Reached skill level 2 in Maces & Flails
  3183 | D:4      | Reached XP level 5. HP: 27/32 MP: 7/7
  3194 | D:4      | Noticed Sigmund
  3222 | D:4      | Noticed a centaur
  3457 | D:5      | Entered Level 5 of the Dungeon
  3639 | D:5      | Noticed a centaur
  3648 | D:5      | Killed a centaur
  3648 | D:5      | Reached skill level 3 in Maces & Flails
  3648 | D:5      | Reached XP level 6. HP: 20/37 MP: 8/8
  3799 | D:5      | Noticed a sky beast
  3855 | D:5      | Killed a sky beast
  4318 | D:5      | Reached XP level 7. HP: 25/41 MP: 9/9
  4538 | D:4      | Noticed Eustachio
  4615 | D:6      | Found a burning altar of Makhleb.
  4639 | D:6      | Reached skill level 4 in Maces & Flails
  4678 | D:6      | Found a runed door.
  4753 | D:6      | Learned a level 3 spell: Dazzling Spray
  4990 | D:6      | Found an iron altar of Okawaru.
  4998 | D:6      | Became a worshipper of Warmaster Okawaru
  5080 | D:6      | Found a staircase to the Ecumenical Temple.
  5093 | D:6      | Reached skill level 1 in Spellcasting
  5379 | D:7      | Reached * piety under Okawaru
  5379 | D:7      | Reached skill level 5 in Maces & Flails
  5379 | D:7      | Reached XP level 8. HP: 36/48 MP: 11/13
  5509 | D:7      | Found Reshrygh's Magic Scroll Shop.
  5524 | D:7      | Bought a scroll of enchant weapon for 90 gold pieces
  5524 | D:7      | Bought a scroll of enchant weapon for 90 gold pieces
  5657 | D:7      | Noticed Menkaure
  5795 | D:7      | HP: 2/48 [orc warrior/glaive of venom (27)]
  5803 | D:7      | HP: 2/48 [poisoned by an orc warrior]
  5804 | D:7      | Succumbed to an orc warrior's poison

Vault maps used:
D:1:      ncdulo_halloftheorcs, serial_bayou_lake_a
D:2:      minmay_wonky_spiral
D:3:      elyvilon_altar_3
D:4:      overflow_temple_1_default, serial_shops, kennysheep_mini_moat,
          dk_noncrumbling_3, serial_bayou_pond_b, hangedman_decor_riveting,
          uniq_edmund, uniq_eustachio, uniq_sigmund
D:5:      first_bread
D:6:      okawaru_altar_gauntlet_db, minmay_temple_entry_overgrown,
          bloody_makhleb, uniq_crazy_yiuf_cottage
D:7:      serial_shops, shop_statue, uniq_menkaure

Skill      XL: |  1  2  3  4  5  6  7  8 |
---------------+-------------------------+-----
Armour         | 2 3 |  3.1
Fighting       | 3 4 |  4.0
Maces & Flails | 1 2 3 5 |  5.5
Dodging        | 2 3 4 |  4.8
Spellcasting   | 2 |  2.7
Shields        | |  1.5
Unarmed Combat | |  1.5

Action                   |  1- 3 |  4- 6 |  7- 9 || total
-------------------------+-------+-------+-------++-------
Melee: Dagger            |    25 |       |       ||    25
       Whip              |   130 |   145 |   169 ||   444
       Punch             |       |     1 |       ||     1
Evoke: Wand              |       |     1 |     4 ||     5
  Use: Scroll            |       |     6 |     6 ||    12
       Potion            |       |     5 |     3 ||     8
 Stab: Sleeping          |     1 |     3 |     3 ||     7
  Eat: Chunk             |     3 |     4 |     2 ||     9
       Bread ration      |       |     1 |     1 ||     2
Armor: Leather armour    |    76 |    57 |    62 ||   195
Dodge: Dodged            |   124 |    76 |   130 ||   330

Table legend:
 A = Spawn XP
 B = Non-spawn XP
 C = Spawn XP percentage of total XP
 D = Spawn monster count
 E = Non-spawn monster count
 F = Spawn count percentage of total count
 G = Total turns spent on level
                    A         B        C        D         E        F      G
               +---------+---------+-------+---------+---------+-------+---------
         Total |       0 |    1888 |   0.0 |       0 |     114 |   0.0 |  5804
               +---------+---------+-------+---------+---------+-------+---------
           D:1 |       0 |      44 |   0.0 |       0 |      27 |   0.0 |  1146
           D:2 |       0 |      75 |   0.0 |       0 |      21 |   0.0 |  1348
           D:3 |       0 |      73 |   0.0 |       0 |      13 |   0.0 |   846
           D:4 |       0 |     111 |   0.0 |       0 |       4 |   0.0 |   156
           D:5 |       0 |     495 |   0.0 |       0 |      13 |   0.0 |  1082
           D:6 |       0 |     585 |   0.0 |       0 |      27 |   0.0 |   793
           D:7 |       0 |     505 |   0.0 |       0 |       9 |   0.0 |   433
               +---------+---------+-------+---------+---------+-------+---------
